 Dungeon Sprint DCSS version 0.27-a0-1090-gb115f176c6 (webtiles) character file.

Game seed: 13877727589243674355

2 scammafunk the Skirmisher (level 1, -2/19 HPs)
             Began as a Demonspawn Abyssal Knight on Apr 27, 2021.
             Was a Believer of Lugonu.
             Slain by Jessica
             ... wielding a +0 club
              (4 damage)
             ... in the Dungeon (Sprint III: "The Ten Rune Challenge").
             The game lasted 00:00:31 (289 turns).

scammafunk the Skirmisher (DsAK)                     Turns: 289, Time: 00:00:32

Health: -2/19      AC:  3    Str: 12    XL:     1   Next: 33%
Magic:  2/2        EV: 11    Int: 13    God:    Lugonu [**....]
Gold:   8          SH:  0    Dex: 12    Spells: 0/0 levels left

rFire    . . .     SeeInvis .   a - +1 spear
rCold    . . .     Faith    .   (no shield)
rNeg     . . .     Spirit   .   b - +0 leather armour
rPois    .         Reflect  .   (no helmet)
rElec    .         Harm     .   (no cloak)
rCorr    .         Rampage  .   (no gloves)
Will     .....     NoTele   +   (no boots)
Stlth    +.........             (no amulet)
HPRegen  0.06/turn              (no ring)
MPRegen  0.08/turn              (no ring)

@: no status effects
A: no striking features
a: Renounce Religion, Bend Space


You were in the Dungeon.
You worshipped Lugonu.
Lugonu was pleased with you.
You visited 1 branch You collected 8 gold pieces.

Inventory:

Hand Weapons
 a - a +1 spear (weapon)
Armour
 b - a +0 leather armour (worn)
Scrolls
 h - a scroll of blinking
Potions
 c - a potion of curing
 d - a potion of heal wounds
 e - a potion of haste
 f - 2 potions of magic
 g - a potion of berserk rage


   Skills:
 + Level 3.7 Fighting
 + Level 2.0 Polearms
 + Level 2.0 Armour
 - Level 0.9 Dodging
 + Level 2.6 Invocations


You couldn't memorise any spells.
You didn't know any spells.
Your spell library was empty.

Dungeon Overview and Level Annotations

Branches:
Dungeon (1/1)

Altars:

Annotations:
D Jessica


Message History

Jessica is almost dead.
The rat misses you.
Jessica mumbles some strange words.
Jessica seems to speed up.
You completely miss Jessica.
Jessica is almost dead.
Jessica closely misses you. The rat barely misses you.
Jessica hits you with a +0 club.
You are too injured to fight recklessly!
You are too injured to fight recklessly!
You are too injured to fight recklessly!
You are too injured to fight recklessly!
You are too injured to fight recklessly!
You are too injured to fight recklessly!
You barely miss Jessica.
Jessica is almost dead.
The rat bites you but does no damage.
Jessica points at you and mumbles some strange words.
Pain shoots through your body!
* * * LOW HITPOINT WARNING * * *
You barely miss Jessica.
Jessica is almost dead.
Jessica hits you with a +0 club.
* * * LOW HITPOINT WARNING * * *
The rat closely misses you. Jessica closely misses you.
You hit Jessica but do no damage.
Jessica is almost dead.
The rat bites you but does no damage. Jessica hits you but does no damage.
You closely miss Jessica.
Jessica is almost dead.
Jessica points at you and mumbles some strange words.
You resist with significant effort. The rat misses you.
Jessica closely misses you.
You closely miss Jessica.
Jessica is almost dead.
The rat bites you but does no damage. Jessica barely misses you.
You barely miss Jessica.
Jessica is severely wounded.
Jessica hits you with a +0 club.
You die...

▓▓▓▓
▓<.#
▓..#
▓#'####
▓.....#
▓.....#
▓..@@.#
▓####r#
▓).r..#
▓.....#
▓.....#
▓+#####


You could see Jessica (fast) and a rat.

Vanquished Creatures
  2 endoplasms (D)
2 creatures vanquished.

Vanquished Creatures (others)
  2 plants (D)
2 creatures vanquished.

Grand Total: 4 creatures vanquished

Notes
Turn   | Place    | Note
-------+----------+-------------------------------------------
     0 | D        | scammafunk the Demonspawn Abyssal Knight began the quest
                  | for the Orb.
     0 | D        | Reached XP level 1. HP: 18/18 MP: 2/2
    14 | D        | Reached ** piety under Lugonu
   267 | D        | Noticed Jessica
   289 | D        | Slain by Jessica

Illustrated notes

Levels and vault maps discovered:
D:        dungeon_sprint_mu [sprint_mu_entry_forest, sprint_mu_temple_rooms,
          sprint_mu_d1_spiders, sprint_mu_d2_genie, sprint_mu_d3_branching,
          sprint_mu_orc_legion, sprint_mu_elf_gauntlet, sprint_mu_hive_nellie,
          sprint_mu_lair_fedhas, sprint_mu_vaults_butterflies,
          sprint_mu_slime_circle, sprint_mu_swamp_cave, sprint_mu_snake_twists,
          sprint_mu_blade_basic, sprint_mu_crypt_fortress,
          sprint_mu_tomb_spiral, sprint_mu_vestibule_basic,
          sprint_mu_gehenna_hellfire, sprint_mu_dis_giant,
          sprint_mu_tartarus_statrot, sprint_mu_cocytus_islands, sprint_mu_zot1]

Skill      XL: |  1 |
---------------+----+-----
Polearms       | 2 |  2.0
Armour         | 2 |  2.0
Fighting       | |  3.7
Dodging        | |  0.9
Invocations    | |  2.6

Action                   || total
-------------------------++-------
Melee: Spear             ||    27
Armor: Leather armour    ||     6
Dodge: Dodged            ||    21

Table legend: (Time is in decaauts)
 A = Elapsed time spent in this place.
 B = Non-inter-level travel time spent in this place.
 C = Inter-level travel time spent in this place.
 D = Time resting spent in this place.
 E = Time spent auto-exploring this place.
 F = Levels seen in this place.
 G = Mean time per level.
                   A        B        C        D        E       F      G
               +--------+--------+--------+--------+--------+-----+--------+
         Total |    289 |    289 |      0 |    245 |      0 |   1 |  289.0 |
       Dungeon |    289 |    289 |      0 |    245 |      0 |   1 |  289.0 |
               +--------+--------+--------+--------+--------+-----+--------+

Top non-repeatable levels by time:
       D: 289 daAuts
